 Dungeon Crawl Stone Soup version 0.26-a0-639-g72c4674329 (webtiles) character file.

Game seed: 17642344331032947369

57513 Flugslaktarn the Severer (level 14, -3/136 HPs)
             Began as a Deep Dwarf Fighter on Sept 27, 2020.
             Was the Champion of Makhleb.
             Slain by a vampire mage (8 damage)
             ... on level 15 of the Dungeon.
             The game lasted 00:09:49 (10458 turns).

Flugslaktarn the Severer (Deep Dwarf Fighter)      Turns: 10458, Time: 00:09:50

Health: -3/136     AC: 30    Str: 23    XL:     14   Next: 46%
Magic:  12/12      EV:  6    Int: 12    God:    Makhleb [******]
Gold:   903        SH: 18    Dex: 14    Spells: 13/13 levels left

rFire    + + .     SeeInvis .   y - +5 war axe (freeze)
rCold    . . .     Faith    +   G - +0 tower shield
rNeg     + . .     Spirit   .   n - +2 plate armour {rF+}
rPois    .         Reflect  .   a - +2 helmet {Int+3}
rElec    .         Harm     .   v - +2 cloak
rCorr    .         Rampage  .   i - +2 pair of gloves
MR       ++...                  C - +2 pair of boots {run}
Stlth    ..........             p - amulet of faith
HPRegen  0.00/turn              (no ring)
MPRegen  0.13/turn              f - ring of protection from fire

@: lethally poisoned (-3 -> -3), flayed, non-regenerating, slowed, lightly
drained, very slow
A: damage resistance, heal wounds, negative energy resistance 1, sense
surroundings 2, no regeneration
a: Heal Wounds, Minor Destruction, Lesser Servant of Makhleb, Major Destruction,
Greater Servant of Makhleb, Renounce Religion


You were on level 15 of the Dungeon.
You worshipped Makhleb.
Makhleb was exalted by your worship.
You visited 2 branches of the dungeon, and saw 16 of its levels.
You visited the Abyss 1 time.
You also visited: Bailey and Gauntlet.

You collected 1488 gold pieces.
You spent 585 gold pieces at shops.

Inventory:

Hand Weapons
 y - a +5 war axe of freezing (weapon)
   (You bought it in a shop on level 7 of the Dungeon)
 B - a +1 broad axe of flaming
   (You took it off a vault guard on level 14 of the Dungeon)
Missiles
 s - a throwing net (quivered)
Armour
 a - a +2 helmet of intelligence (worn)
   (You found it in a bailey)
 i - a +2 pair of gloves (worn)
   (You found it on level 2 of the Dungeon)
 n - a +2 plate armour of fire resistance (worn)
   (You took it off a minotaur in a Gauntlet)
 v - a +2 cloak (worn)
   (You found it on level 5 of the Dungeon)
 C - a +2 pair of boots of running (worn)
   (You found it in a Gauntlet)
 G - a +0 tower shield (worn)
   (You took it off Louise on level 14 of the Dungeon)
Jewellery
 f - a ring of protection from fire (right hand)
   (You found it on level 8 of the Dungeon)
 k - an uncursed ring of resist corrosion
   (You found it on level 4 of the Dungeon)
 p - an amulet of faith (around neck)
   (You found it on level 13 of the Dungeon)
Wands
 e - a wand of iceblast (42)
   (You found it on level 6 of the Dungeon)
 o - a wand of digging (15)
   (You found it on level 4 of the Dungeon)
Scrolls
 r - 4 scrolls of identify
 t - 8 scrolls of teleportation
 u - 2 scrolls of fear
 x - 8 scrolls of remove curse
 z - 5 scrolls of blinking
 A - a scroll of magic mapping
 D - a scroll of immolation
 E - a scroll of enchant armour
 F - a scroll of enchant weapon
Potions
 b - 4 potions of flight
 d - a potion of might
 g - 4 potions of lignification
 h - 3 potions of haste
 j - a potion of invisibility
 l - 2 potions of magic
 m - a potion of berserk rage
 q - 7 potions of curing
 w - 2 potions of heal wounds


   Skills:
 * Level 11.9(11.4) Fighting
 * Level 15.7(15.2) Axes
 + Level 10.4(9.9) Armour
 + Level 4.1(3.7) Dodging
 + Level 10.4(9.9) Shields
 + Level 8.4(8.0) Invocations
 + Level 8.6(8.1) Evocations


You had 13 spell levels left.
You didn't know any spells.
Your spell library was empty.

Dungeon Overview and Level Annotations

Branches:
Dungeon (15/15)            Temple (1/1) D:6            Lair (0/6) D:10
    Orc (0/2) D:9          Vaults (0/5) D:14         Depths (0/5) D:15
 Bailey (visited)         Gauntlet (visited)

Altars:
Ashenzari
Cheibriados
Dithmenos
Elyvilon
Fedhas
Gozag
Hepliaklqana
Makhleb
Nemelex Xobeh
Okawaru
Qazlal
Ru
Sif Muna
Trog
Uskayaw
Vehumet
Wu Jian
Xom
Yredelemnul
Zin
The Shining One

Shops:
D:7 *   D:10 (   D:14 *

Annotations:
D:14 exclusion: ice statue


Innate Abilities, Weirdness & Mutations

You are resistant to damage.
You can heal yourself by infusing magical energy.
You resist negative energy. (rN+)
You passively map the area around you.
You do not regenerate.


Message History

Something drains your vigour!
You feel yourself slow down.
The centaur warrior simulacrum hits you but does no damage.
Unknown command.
You feel much better. Something hits you but does no damage.
Something bites you!
* * * LOW HITPOINT WARNING * * *
Something draws strength from your injuries!
You block the centaur warrior simulacrum's attack.
The flayed ghost hits you!
* * * LOW HITPOINT WARNING * * *
The freezing wraith hits you.
* * * LOW HITPOINT WARNING * * *
The freezing wraith freezes you!!
* * * LOW HITPOINT WARNING * * *
You block the freezing wraith's attack. Something hits you.
* * * LOW HITPOINT WARNING * * *
Something drains your vigour!
You feel as though you will be slow longer.
The phantasmal warrior blinks!
Something hits you!
You die...

, **, ,
....8P...#...#.....### ,,
.8......P.P....#.....# ,
.........P8.^..#.....# , ,
8 P............. +.....# *
,P...>....8..####.....#
*,,.z.................###*
, , 8...P.....)........#
P......W..)....?...# ,,
...8...@{8.........#
8.....Z{WV..(......# , ,
..8..8.Z§...#####+## ,, ,
#....#......# ,, , ,,
#....#....W.+ , , #.(.
#......#,, , , , , , #'#*
#......#* * * * ** ,..,
...#+###* ,* ,,,...) ,, *


You could see a skeletal warrior, a jiangshi (summoned), a flayed ghost
(summoned), a phantasmal warrior (summoned), a freezing wraith (summoned), a
centaur warrior simulacrum (summoned) and a centaur warrior zombie (summoned).

Vanquished Creatures
  Louise (D:14)
  A minotaur (Gauntlet)
  Snorg (D:13)
  Josephine (D:11)
  A great orb of eyes (Gauntlet)
  4 vault guards (D:14)
  A catoblepas (D:10)
  4 two-headed ogres
  4 centaur warriors (D:14)
  Erica (D:8)
  2 tengu warriors
  Urug (D:12)
  A sixfirhy (Gauntlet)
  A spatial maelstrom (Abyss:2)
  A skeletal warrior (D:15)
  An unseen horror (D:11)
  An orc knight (Bailey)
  A harpy (shapeshifter) (D:15)
  A deep elf mage (D:14)
  A necromancer (D:15)
  8 ugly things
  An iron dragon zombie (Abyss:2)
  2 manticores
  An orb spider (Abyss:2)
  A worldbinder (Gauntlet)
  4 centaur zombies
  A stone giant skeleton (D:15)
  A gargoyle (D:11)
  A centaur skeleton (D:14)
  A freezing wraith (D:15)
  2 efreet (D:13)
  A komodo dragon (D:10)
  2 kobold demonologists (D:14)
  2 tengu conjurers
  8 trolls
  An elf zombie (D:15)
  An ettin zombie (D:15)
  7 hippogriffs
  A spriggan skeleton (D:15)
  3 centaur simulacra (D:14)
  An air elemental (Abyss:2)
  8 yaks
  A wyvern (D:14)
  Eustachio (D:4)
  6 wraiths
  A human (D:14)
  A steam dragon (D:9)
  2 basilisks
  3 vampire mosquitoes (D:13)
  2 large abominations (Abyss:2)
  4 wargs (D:9)
  4 spatial vortices (Abyss:2)
  An acid dragon (D:13)
  A water moccasin (D:10)
  Edmund (D:4)
  Purgy (D:3)
  5 ice beasts
  3 sky beasts
  2 necrophages (D:10)
  11 orc warriors
  A black bear (D:8)
  2 ogres (D:4)
  2 boggarts (Gauntlet)
  An eye of draining (D:14)
  A phantom (D:14)
  13 centaurs
  A gnoll sergeant (D:13)
  6 big kobolds
  10 bullfrogs
  2 wyvern zombies
  An earth elemental (Abyss:2)
  A water moccasin zombie (D:7)
  A wyvern skeleton (D:11)
  9 killer bees
  6 scorpions
  A water moccasin skeleton (D:5)
  28 wights
  2 electric eels (D:14)
  2 howler monkeys
  3 bullfrog zombies
  10 hounds
  2 jellies
  2 bullfrog skeletons
  3 orc priests
  4 iguanas
  Natasha (D:3)
  14 orc wizards
  8 worker ants
  A hound zombie (D:5)
  2 hound skeletons
  2 mummies (D:10)
  A howler monkey skeleton (D:11)
  A howler monkey zombie (D:8)
  4 gnolls (D:13)
  14 adders
  2 shadow imps
  3 white imps
  8 ufetubi
  An ooze (D:1)
  2 adder skeletons
  3 worms
  6 leopard geckos
  44 orcs
  A giant cockroach (D:1)
  6 goblins
  3 hobgoblins
  7 jackals
  A quokka (D:10)
  7 bats
  3 frilled lizards
  3 jackal skeletons
  32 kobolds
  3 rats
435 creatures vanquished.

Vanquished Creatures (collateral kills)
  A hydra (D:13)
1 creature vanquished.

Vanquished Creatures (others)
  An efreet (Abyss:2)
  12 demonic plants (Gauntlet)
  35 plants (D:10)
  9 withered plants
57 creatures vanquished.

Grand Total: 493 creatures vanquished

Notes
Turn   | Place    | Note
-------+----------+-------------------------------------------
     0 | D:1      | Flugslaktarn the Deep Dwarf Fighter began the quest for the
                  | Orb.
     0 | D:1      | Reached XP level 1. HP: 20/20 MP: 1/1
   153 | D:1      | Reached XP level 2. HP: 21/27 MP: 2/2
   512 | D:2      | Reached XP level 3. HP: 34/34 MP: 3/3
   547 | D:2      | Reached skill level 3 in Axes
   619 | D:3      | Found a shadowy altar of Dithmenos.
   692 | D:4      | Reached XP level 4. HP: 40/42 MP: 4/4
   794 | D:4      | Reached XP level 5. HP: 46/50 MP: 5/5
   935 | D:4      | Reached skill level 4 in Axes
   991 | D:4      | Noticed Eustachio
   993 | D:4      | Noticed Edmund
   995 | D:4      | Noticed an ogre
  1022 | D:4      | Killed Edmund
  1022 | D:4      | Reached XP level 6. HP: 26/57 MP: 5/5
  1025 | D:4      | Killed Eustachio
  1033 | D:4      | Reached skill level 5 in Axes
  1038 | D:4      | Reached XP level 7. HP: 39/66 MP: 6/6
  1337 | D:4      | Reached skill level 5 in Fighting
  1471 | D:5      | Entered Level 5 of the Dungeon
  1477 | D:5      | Found a blossoming altar of Fedhas.
  1534 | D:5      | Found a shimmering altar of Xom.
  1588 | D:5      | Found an iron altar of Okawaru.
  1681 | D:5      | Reached skill level 5 in Shields
  1742 | D:5      | Reached skill level 5 in Armour
  1746 | D:5      | Found a white marble altar of Elyvilon.
  1784 | D:5      | Reached skill level 6 in Axes
  1921 | D:5      | Reached XP level 8. HP: 42/75 MP: 7/7
  1984 | D:5      | Found a glowing silver altar of Zin.
  2261 | D:6      | Found a staircase to the Ecumenical Temple.
  2358 | D:6      | Reached skill level 7 in Axes
  2423 | Temple   | Entered the Ecumenical Temple
  2951 | D:6      | Found a hazy altar of Hepliaklqana.
  3144 | D:7      | Found Begigat's General Store.
  3147 | D:7      | Bought a +0 war axe of freezing for 91 gold pieces
  3179 | D:7      | Gained mutation: You passively map the area around you.
                  | [Deep Dwarf growth]
  3179 | D:7      | Reached XP level 9. HP: 74/85 MP: 7/7
  3273 | D:7      | Found a shattered altar of Ashenzari.
  3433 | D:7      | Found a glowing golden altar of the Shining One.
  3589 | D:8      | Reached skill level 8 in Axes
  3816 | D:8      | Reached skill level 9 in Axes
  3929 | D:8      | Found a flagged portal.
  3940 | Bailey   | Entered a bailey
  4114 | Bailey   | Noticed an orc knight
  4114 | Bailey   | Noticed an orc knight
  4170 | Bailey   | Noticed an orc knight
  4184 | Bailey   | Killed an orc knight
  4184 | Bailey   | Reached XP level 10. HP: 96/96 MP: 7/7
  4312 | D:8      | Noticed Erica
  4320 | D:8      | Killed Erica
  4694 | D:3      | Noticed Purgy
  4695 | D:3      | Noticed Natasha
  4703 | D:3      | Killed Purgy
  4704 | D:3      | Killed Natasha
  4706 | D:3      | Found a burning altar of Makhleb.
  4713 | D:3      | Became a worshipper of Makhleb the Destroyer
  4972 | D:9      | Reached skill level 10 in Axes
  4972 | D:9      | Reached skill level 1 in Invocations
  4972 | D:9      | Reached skill level 1 in Evocations
  5088 | D:9      | Reached * piety under Makhleb
  5120 | D:9      | Found a staircase to the Orcish Mines.
  5480 | D:9      | Found an ornate altar of the Wu Jian Council.
  5662 | D:10     | Entered Level 10 of the Dungeon
  5749 | D:10     | Found Izicum's Weapon Shoppe.
  5771 | D:10     | Reached XP level 11. HP: 68/106 MP: 9/9
  5782 | D:10     | Reached ** piety under Makhleb
  5829 | D:10     | Found a staircase to the Lair.
  5932 | D:10     | Noticed a catoblepas
  5985 | D:10     | Killed a catoblepas
  5985 | D:10     | Reached skill level 11 in Axes
  6570 | D:11     | Noticed Josephine
  6608 | D:11     | Killed an unseen horror
  6622 | D:11     | Killed Josephine
  6631 | D:11     | Reached *** piety under Makhleb
  6649 | D:11     | Reached skill level 10 in Fighting
  6673 | D:11     | Noticed a two-headed ogre
  6684 | D:11     | Killed a two-headed ogre
  6684 | D:11     | Reached skill level 5 in Invocations
  6684 | D:11     | Reached skill level 5 in Evocations
  6743 | D:11     | Found a gate leading to a gauntlet.
  6778 | Gauntlet | Entered a Gauntlet
  6778 | Gauntlet | Found a large runed translucent door.
  6778 | Gauntlet | Found a large runed translucent door.
  6778 | Gauntlet | Found a large runed translucent door.
  6778 | Gauntlet | Found a large runed translucent door.
  6778 | Gauntlet | Found a runed translucent door.
  6778 | Gauntlet | Found a large runed translucent door.
  6778 | Gauntlet | Found a large runed translucent door.
  6778 | Gauntlet | Found a transporter.
  6778 | Gauntlet | Found a transporter.
  6778 | Gauntlet | Found a large runed translucent door.
  6778 | Gauntlet | Found a large runed translucent door.
  6778 | Gauntlet | Found a runed translucent gate.
  6778 | Gauntlet | Found a runed translucent gate.
  6778 | Gauntlet | Found a transporter.
  6778 | Gauntlet | Noticed a sixfirhy
  6781 | Gauntlet | Noticed a queen ant
  6782 | Gauntlet | Found a transporter.
  6782 | Gauntlet | Found a transporter.
  6784 | Gauntlet | Found a transporter.
  6791 | Gauntlet | Noticed a death scarab
  6792 | Gauntlet | Found a transporter.
  6796 | Gauntlet | Found a transporter.
  6798 | Gauntlet | Noticed a reaper
  6806 | Gauntlet | Found a transporter.
  6808 | Gauntlet | Found a transporter.
  6812 | Gauntlet | Noticed a great orb of eyes
  6880 | Gauntlet | Found a runed translucent door.
  6881 | Gauntlet | Found a large runed translucent door.
  6881 | Gauntlet | Found a large runed translucent door.
  6881 | Gauntlet | Found a large runed translucent door.
  6881 | Gauntlet | Found a large runed translucent door.
  6882 | Gauntlet | Found a large runed translucent door.
  6882 | Gauntlet | Found a large runed translucent door.
  6883 | Gauntlet | Found a large runed translucent door.
  6883 | Gauntlet | Found a large runed translucent door.
  6892 | Gauntlet | Found a runed translucent gate.
  6908 | Gauntlet | Found a transporter.
  6912 | Gauntlet | Found a transporter.
  6985 | Gauntlet | Killed a sixfirhy
  7007 | Gauntlet | Identified a +2 pair of boots of running (You found it in a
                  | Gauntlet)
  7015 | Gauntlet | Noticed a mana viper
  7028 | Gauntlet | Noticed a red ugly thing
  7031 | Gauntlet | Got a pair of ichor-stained gloves
  7041 | Gauntlet | Paralysed by a great orb of eyes for 3 turns
  7052 | Gauntlet | Paralysed by a great orb of eyes for 5 turns
  7062 | Gauntlet | Killed a great orb of eyes
  7064 | Gauntlet | Killed a red ugly thing
  7064 | Gauntlet | Reached XP level 12. HP: 76/117 MP: 9/11
  7074 | Gauntlet | Got a smoking cloak
  7087 | Gauntlet | Identified the +1 cloak of Fallacy {Str+4 Dex+2 Stlth+}
                  | (You found it in a Gauntlet)
  7112 | Gauntlet | Identified the cursed +0 pair of gloves of Gestures {rN+}
                  | (You found it in a Gauntlet)
  7126 | Gauntlet | Reached skill level 14 in Axes
  7126 | Gauntlet | Reached XP level 13. HP: 81/124 MP: 12/12
  7134 | Gauntlet | Noticed a minotaur
  7150 | Gauntlet | Killed a minotaur
  7578 | D:11     | Reached **** piety under Makhleb
  7979 | D:12     | Noticed Urug
  7993 | D:12     | Killed Urug
  8386 | D:13     | Noticed Snorg
  8401 | D:13     | Killed Snorg
  8751 | D:14     | Reached skill level 1 in Dodging
  8829 | D:14     | Reached ***** piety under Makhleb
  8886 | D:14     | Found a gate to the Vaults.
  8907 | D:14     | Reached skill level 15 in Axes
  9051 | D:14     | Reached skill level 10 in Armour
  9058 | D:14     | Reached skill level 10 in Shields
  9100 | D:14     | Found a blossoming altar of Fedhas.
  9182 | D:14     | Gained mutation: You resist negative energy. (rN+) [Deep
                  | Dwarf growth]
  9182 | D:14     | Reached XP level 14. HP: 135/135 MP: 13/13
  9475 | D:14     | Found Ostragh's Assorted Antiques.
  9483 | D:14     | Bought a scroll of blinking for 247 gold pieces
  9483 | D:14     | Bought a scroll of enchant armour for 247 gold pieces
  9783 | D:14     | Noticed Louise
  9785 | D:14     | Cast into level 2 of the Abyss (Louise)
  9993 | D:14     | Escaped the Abyss
 10028 | D:14     | Killed Louise
 10297 | D:15     | Entered Level 15 of the Dungeon
 10396 | D:15     | Found a staircase to the Depths.
 10429 | D:15     | Reached ****** piety under Makhleb
 10458 | D:15     | HP: 6/136 [freezing wraith[a vampire mage] (21)]
 10458 | D:15     | Slain by a vampire mage

Illustrated notes

Levels and vault maps discovered:
D:1:      lightli_arrival_statuegarden, layout_loops_ring, st_stairs_9,
          minmay_split_cup_large
D:2:      layout_basic, st_stairs_8, minmay_diced_spiral, uniq_robin
D:3:      layout_rooms, nicolae_overflow_crystal_walls,
          kennysheep_vampire_church, old_standard_altar, uniq_natasha,
          uniq_purgy
D:4:      layout_basic, uniq_edmund, uniq_eustachio
D:5:      layout_basic, elyvilon_altar_3, zin_treasury, old_standard_altar,
          basic_altar, okawaru_ov_weapons_minmay
D:6:      layout_cave_pools, lemuel_doored_altar, minmay_temple_entry_junction,
          due_unseen_surprise
D:7:      layout_loops_ring, nicolae_tso_carved_into_rock,
          evilmike_ruin_ashenzari, serial_shops, kennysheep_mini
D:8:      layout_basic, enter_bailey_2, minmay_bent, uniq_erica
D:9:      layout_irregular_city, lemuel_crystal_altar, david_orc_1_choice
D:10:     nzn_motion_control, layout_loops_ring, david_lair_shrubbed,
          serial_shops, shop, serial_undead, serial_undead_d, serial_undead_c,
          serial_undead_f, serial_undead_e, serial_undead_a, serial_undead_b,
          serial_undead_c, serial_undead_b, kennysheep_generic_room_3
D:11:     layout_rooms, serial_rivers, chequers_serial_rivers_micro_e,
          chequers_serial_rivers_micro_d, chequers_serial_rivers_micro_e,
          chequers_serial_rivers_room_a, gauntlet_entry_generic,
          hangedman_decor_riveting, uniq_josephine
D:12:     layout_basic, uniq_nergalle, uniq_urug
D:13:     layout_roguey, uniq_snorg
D:14:     minmay_s_stair_smasher, layout_basic,
          lightli_vaults_fourway_checkpoint, fedhas_altar_fruit_tree,
          serial_shops, shop, grunt_livestock, kennysheep_small_spiral,
          minivault_16, uniq_louise
D:15:     gammafunk_depths_entry_grave, layout_gridville,
          minmay_misc_feat_plants
Temple:   minmay_temple_bridge_abc

Skill      XL: |  1  2  3  4  5  6  7  8  9 10 11 12 13 14 |
---------------+-------------------------------------------+-----
Fighting       | 3 4 5 6 8 9 10 11 | 11.9
Axes           | 3 4 5 6 7 9 10 11 14 15 | 15.7
Shields        | 4 5 6 7 8 9 10 | 10.4
Armour         | 4 5 6 7 8 9 10 | 10.4
Invocations    | 3 5 7 8 |  8.4
Evocations     | 3 5 7 8 |  8.6
Dodging        | 2 4 |  4.1

Action                   |  1- 3 |  4- 6 |  7- 9 | 10-12 | 13-15 || total
-------------------------+-------+-------+-------+-------+-------++-------
Melee: War axe           |   123 |    71 |   360 |   381 |   649 ||  1584
Invok: Lesser Servant of |       |       |       |       |     1 ||     1
 Abil: Heal Wounds       |     3 |     2 |    11 |     7 |     7 ||    30
Evoke: Wand              |       |       |     1 |       |     5 ||     6
  Use: Scroll            |       |       |    21 |     7 |     7 ||    35
       Potion            |       |       |       |     1 |       ||     1
 Stab: Petrified         |       |       |       |     6 |       ||     6
       Petrifying        |       |       |       |     1 |       ||     1
Armor: Scale mail        |    74 |    29 |    80 |       |       ||   183
       Plate armour      |       |       |   131 |   293 |   454 ||   878
       Chain mail        |       |       |    14 |       |       ||    14
Dodge: Dodged            |    51 |    33 |    87 |    88 |   130 ||   389
Block: Kite shield       |    79 |    49 |   231 |   255 |   292 ||   906
       Tower shield      |       |       |       |       |   105 ||   105

Table legend: (Time is in decaauts)
 A = Elapsed time spent in this place.
 B = Non-inter-level travel time spent in this place.
 C = Inter-level travel time spent in this place.
 D = Time resting spent in this place.
 E = Time spent auto-exploring this place.
 F = Levels seen in this place.
 G = Mean time per level.
                   A        B        C        D        E       F      G
               +--------+--------+--------+--------+--------+-----+--------+
         Total |  10265 |   9510 |    755 |      0 |   6347 |  19 |  540.3 |
       Dungeon |   9207 |   8477 |    730 |      0 |   5895 |  15 |  613.8 |
        Temple |    214 |    190 |     24 |      0 |    189 |   1 |  214.0 |
         Abyss |    178 |    178 |      0 |      0 |     64 |   1 |  178.0 |
        Bailey |    281 |    281 |      0 |      0 |     47 |   1 |  281.0 |
      Gauntlet |    382 |    382 |      0 |      0 |    151 |   1 |  382.0 |
               +--------+--------+--------+--------+--------+-----+--------+

Top non-repeatable levels by time:
    D:14: 1198 daAuts
    D:10: 908 daAuts
     D:4: 848 daAuts
     D:9: 823 daAuts
     D:6: 703 daAuts
    D:11: 700 daAuts
     D:5: 690 daAuts
     D:8: 638 daAuts
     D:7: 630 daAuts
    D:13: 543 daAuts
     D:3: 390 daAuts
Gauntlet: 382 daAuts
    D:12: 379 daAuts
     D:1: 324 daAuts
     D:2: 284 daAuts
